 Dungeon Crawl Stone Soup version 0.21-a0-51-gea492e9 (webtiles) character file.

135 Fender the Skirmisher (level 5, -1/47 HPs)
             Began as a Hill Orc Abyssal Knight on June 12, 2017.
             Was a Believer of Lugonu.
             Slain by an orc wizard
             ... wielding a +1 dagger of draining
              (2 damage)
             ... on level 2 of the Dungeon.
             The game lasted 00:05:46 (2540 turns).

Fender the Skirmisher (Hill Orc Abyssal Knight)     Turns: 2540, Time: 00:05:47

Health: -1/47      AC:  3    Str: 19    XL:     5   Next: 18%
Magic:  7/7        EV: 10    Int: 12    God:    Lugonu [**....]
Gold:   125        SH:  3    Dex: 10    Spells: 4/4 levels left

rFire    . . .     SeeInvis .   a - +1 hand axe
rCold    . . .     Gourm    .   g - +0 buckler
rNeg     . . .     Faith    .   b - +0 leather armour
rPois    .         Spirit   .   (no helmet)
rElec    .         Reflect  .   (no cloak)
rCorr    .         Harm     .   (no gloves)
MR       .....                  (no boots)
Stlth    +.........             (no amulet)
Regen    0.2/turn               h - +3 ring of strength
MPRegen  0.1/turn               (no ring)

@: very heavily drained
A: no striking features
a: Depart the Abyss, Bend Space, Renounce Religion


You were on level 2 of the Dungeon.
You worshipped Lugonu.
Lugonu was pleased with you.
You were not hungry.

You visited 1 branch of the dungeon, and saw 3 of its levels.
You visited the Abyss 1 time.

You collected 125 gold pieces.

Inventory:

Hand Weapons
 a - a +1 hand axe (weapon)
Armour
 b - a +0 leather armour (worn)
 g - a +0 buckler (worn)
Jewellery
 d - an uncursed amulet of guardian spirit
 h - a +3 ring of strength (left hand)
 o - an uncursed amulet of rage
 p - an uncursed ring of teleportation
Scrolls
 f - 2 scrolls of random uselessness {unknown}
 j - 2 scrolls of remove curse
 m - a scroll of amnesia {unknown}
Potions
 e - 3 potions of degeneration {unknown}
 l - a potion of mutation {unknown}
 n - a potion of heal wounds {unknown}
 q - a potion of brilliance {unknown}
 r - a potion of lignification {unknown}
Comestibles
 c - a bread ration
 k - a meat ration


   Skills:
 + Level 4.8(0.1) Fighting
 + Level 4.1(0.0) Axes
 + Level 3.1(0.0) Armour
 - Level 0.7(0.0) Dodging
 + Level 3.9(0.0) Invocations


You had 4 spell levels left.
You didn't know any spells.

Dungeon Overview and Level Annotations

Branches:
Dungeon (3/15)

Altars:


Message History

You hit something. Something hits you but does no damage.
You feel drained.
You hear some strange, mumbled words.
Something tries to affect you, but you resist.
You closely miss something. Something hits you.
* * * LOW HITPOINT WARNING * * *
You feel drained.
You barely miss something. Something hits you but does no damage.
You feel drained.
You miss something.
You hear some strange, mumbled words.
A puff of flame appears from out of thin air!
The puff of flame misses you.
You hear some strange, mumbled words.
Something tries to affect you, but you resist.
All of the chunks of flesh in your inventory have rotted away.
You closely miss something. Something hits you.
* * * LOW HITPOINT WARNING * * *
You feel drained.
You barely miss something. Something hits you.
You die...

......# ##.........#.#
#..###.### ....###
##.##.###.#.# #.## #.##. ....#
#....##....###.# #.... ....#
####.##....##..# #.##. ..###
#.##....#..## #.### ..#####
#.#.......## #.# # ......######
#...#...########.#
.)###......####.)#)..###...##.#
..########......@{............#
......# #.####.##....#.#.....#
......# #.# #######......####
##########.# #.#.#..#
...#.......# #......#
##.#.####### ########
.#.#.#...# .#.#...#.#
.#.#####.#


There were no monsters in sight!

Vanquished Creatures
  An orc priest (D:3)
  4 gnolls (D:2)
  An adder (D:2)
  2 worms (D:2)
  2 dart slugs
  4 leopard geckos
  3 orcs (D:3)
  2 giant cockroaches
  5 goblins
  5 hobgoblins
  4 kobolds
  A ball python (D:1)
  5 bats
  3 frilled lizards
  2 rats (D:2)
44 creatures vanquished.

Notes
Turn   | Place    | Note
-------+----------+-------------------------------------------
     0 | Abyss:1  | Fender the Hill Orc Abyssal Knight began the quest for the Orb.
     0 | Abyss:1  | Reached XP level 1. HP: 19/19 MP: 2/2
    23 | Abyss:3  | Noticed a large abomination
    23 | Abyss:3  | Noticed a smoke demon
    24 | D:1      | Escaped the Abyss
    40 | D:1      | Reached * piety under Lugonu
   271 | D:1      | Reached XP level 2. HP: 23/27 MP: 0/3
   882 | D:2      | Reached XP level 3. HP: 27/33 MP: 3/5
  1529 | D:2      | Reached ** piety under Lugonu
  1745 | D:2      | Reached XP level 4. HP: 7/41 MP: 6/6
  2511 | D:3      | Reached XP level 5. HP: 38/47 MP: 7/7
  2539 | D:2      | HP: 1/47 [something (3)]
  2540 | D:2      | Slain by an orc wizard

Vault maps used:
D:1:      dpeg_arrival_long_road
D:2:      serial_glass, glass_columns_a, glass_columns_b, glass_columns_a,
          glass_columns_a, glass_columns_a, glass_columns_a, glass_columns_c,
          glass_columns_a, glass_columns_a, glass_columns_a, glass_columns_b,
          glass_columns_b, glass_columns_a, glass_columns_b, patterned_corridor
D:3:      uniq_robin
Abyss:2:  minivault_5
Abyss:3:  evilmike_abyss_exit_glass, hangedman_cross_veins,
          evilmike_abyss_exit_kraken

Skill      XL: |  1  2  3  4 |
---------------+-------------+-----
Axes           | 3 4 |  4.1
Fighting       | 4 |  4.8
Invocations    | 3 |  3.9
Armour         | 3 |  3.1
Dodging        | |  0.7

Action                   |  1- 3 |  4- 6 || total
-------------------------+-------+-------++-------
Melee: Hand axe          |   123 |    58 ||   181
Invok: Depart the Abyss  |     1 |       ||     1
  Use: Scroll            |       |     1 ||     1
  Eat: Chunk             |     2 |     1 ||     3
       Royal jelly       |     1 |       ||     1
Armor: Leather armour    |    30 |     9 ||    39
Dodge: Dodged            |    78 |    19 ||    97
Block: Buckler           |    17 |     5 ||    22
